 Dungeon Crawl Stone Soup version 0.16-a0-1083-g6a3eec8 (console) character file.

79 MrRokkomies the Grasshopper (level 4, -1/35 HPs)
             Began as a Demonspawn Warper on Oct 5, 2014.
             Slain by solipsistnation's ghost (8 damage)
             ... on level 4 of the Dungeon.
             The game lasted 00:08:06 (1911 turns).

MrRokkomies the Grasshopper (Demonspawn Warper)     Turns: 1911, Time: 00:08:07

HP  -1/35        AC  5     Str 12      XL: 4   Next: 17%
MP   4/7         EV 12     Int 15      God:
Gold 101         SH  0     Dex 12      Spells:  3 memorised,  2 levels left

rFire  . . .     SeeInvis .     a - +1 quarterstaff
rCold  . . .     Clarity  .     q - +2 robe {rN+}
rNeg   + . .     rCorr    .     (no shield)
rPois  .         rRot     .     (helmet restricted)
rElec  .         Spirit   .     (no cloak)
SustAb .         Warding  .     (no gloves)
rMut   .         Stasis   .     (no boots)
Gourm  .                        (no amulet)
MR     .....                    (no ring)
                                (no ring)

@: very slightly contaminated, not resistant to hostile enchantments, very
unstealthy
A: antennae 1, molten scales 1, demonic guardian 1
a: no special abilities


You were on level 4 of the Dungeon.
You were hungry.

You visited 1 branch of the dungeon, and saw 4 of its levels.

You collected 101 gold pieces.

Inventory:

Hand weapons
 a - a +1 quarterstaff (weapon)
Missiles
 e - 5 tomahawks of dispersal
 h - 4 needles of frenzy
 k - 14 stones (quivered)
 n - 17 poisoned needles
Armour
 q - a +2 robe of positive energy (worn)
 u - a +0 pair of boots
Comestibles
 f - 4 bread rations
 i - a chunk of adder flesh
 o - 2 slices of pizza
 t - a meat ration
Scrolls
 d - 2 scrolls of blinking
 m - 3 scrolls of remove curse
Potions
 b - a potion of heal wounds {unknown}
 g - 2 potions of restore abilities
 j - a potion of curing {unknown}
 l - a potion of brilliance {unknown}
 r - 2 potions of invisibility {unknown}
 s - a potion of lignification {unknown}
Books
 c - a book of Spatial Translocations

   Spells                             Type                      Level
   *Apportation                       Translocation                1
   *Blink                             Translocation                2
   *Shroud of Golubria                Charms/Translocation         2
   Portal Projectile                  Translocation                3
   Teleport Other                     Translocation                3
   Passage of Golubria                Translocation                4


   Skills:
 - Level 3.0 Fighting
   Level 1.7 Long Blades
 * Level 1.3 Staves
 - Level 0.8 Throwing
 - Level 0.8 Armour
 - Level 1.7 Dodging
 - Level 2.0 Spellcasting
 * Level 3.6 Translocations


You had 2 spell levels left.
You knew the following spells:

 Your Spells              Type           Power        Failure   Level  Hunger
a - Apportation           Tloc           ##........   6%          1    #......
b - Blink                 Tloc           N/A          10%         2    ###....
c - Shroud of Golubria    Chrm/Tloc      #.........   17%         2    ###....


Dungeon Overview and Level Annotations

Branches:
Dungeon (4/15)
 Temple: D:4-7

Altars:
Ru
Vehumet
Yredelemnul

Annotations:
D:4 solipsistnation's ghost, average OpAK


Innate Abilities, Weirdness & Mutations

You have a pair of small antennae on your head.
You are partially covered in molten scales (AC +1).
A weak demonic guardian rushes to your aid.


Message History

There is a stone staircase leading up here.
You hit solipsistnation's ghost.
Solipsistnation's ghost is lightly damaged.
Your quasit completely misses solipsistnation's ghost.
Your quasit barely misses solipsistnation's ghost.
Your quasit claws solipsistnation's ghost.
Solipsistnation's ghost hits you!
* * * LOW HITPOINT WARNING * * *
Your shroud falls apart!
Solipsistnation's ghost is nearby!
Casting: Shroud of Golubria
Confirm with . or Enter, or press ? or * to list all spells.
You miscast Blink.
You are very lightly contaminated with residual magic.
Strange energies run through your body.
Your quasit bites solipsistnation's ghost.
Your quasit closely misses solipsistnation's ghost.
Your quasit claws solipsistnation's ghost but does no damage.
Solipsistnation's ghost hits you!
You die...

#.. #.###..
........
#........ #
#....... ###.
#.....# .....
#.....##+#
.......#........#
.......W@..$....#
.....#.#5.5.(...#
. # #........#
.....#..(.
......# ..#
.......# .
........#
......#. ....


You could see solipsistnation's ghost and 2 friendly quasits.

Vanquished Creatures
  4 adders
  A giant gecko (D:2)
  2 orcs (D:3)
  5 goblins
  9 hobgoblins
  A quokka (D:2)
  4 bats
  4 giant newts
  5 kobolds
  6 rats
  A spectral orc (D:2)
42 creatures vanquished.

Vanquished Creatures (collateral kills)
  An orc (D:3)
1 creature vanquished.

Vanquished Creatures (others)
  A crimson imp (D:3)
  A white imp (D:3)
  An ufetubus (D:3)
  A rat (D:2)
4 creatures vanquished.

Grand Total: 47 creatures vanquished

Notes
Turn   | Place    | Note
--------------------------------------------------------------
     0 | D:1      | MrRokkomies, the Demonspawn Warper, began the quest for the Orb.
     0 | D:1      | Reached XP level 1. HP: 16/16 MP: 3/3
   329 | D:1      | Reached skill level 3 in Translocations
   346 | D:1      | Gained mutation: A weak demonic guardian rushes to your aid. [demonic ancestry]
   346 | D:1      | Reached XP level 2. HP: 23/23 MP: 4/4
   873 | D:2      | Learned a level 2 spell: Blink
   876 | D:2      | Learned a level 2 spell: Shroud of Golubria
   916 | D:2      | Found a radiant altar of Vehumet.
   924 | D:2      | Found a basalt altar of Yredelemnul.
   977 | D:2      | Gained mutation: You are partially covered in molten scales (AC +1). [demonic ancestry]
   977 | D:2      | Reached XP level 3. HP: 27/29 MP: 3/6
  1211 | D:2      | Found a sacrificial altar of Ru.
  1787 | D:3      | Reached skill level 1 in Staves
  1820 | D:3      | Noticed an orc warrior
  1839 | D:3      | Gained mutation: You have a pair of small antennae on your head. [demonic ancestry]
  1839 | D:3      | Reached XP level 4. HP: 35/35 MP: 7/7
  1905 | D:4      | Noticed solipsistnation's ghost (average OpAK)
  1911 | D:4      | Slain by solipsistnation's ghost

Action                   |  1- 3 |  4- 6 || total
-------------------------+-------+-------++-------
Melee: Mace              |    71 |       ||    71
       Falchion          |     9 |       ||     9
       Quarterstaff      |    48 |    18 ||    66
Throw: Stone             |    12 |     2 ||    14
 Cast: Shroud of Golubri |     6 |     1 ||     7
       Apportation       |     1 |       ||     1
  Use: Scroll            |     9 |     2 ||    11
  Eat: Chunk             |     3 |       ||     3
